 Dungeon Crawl Stone Soup version 0.24.1 (webtiles) character file.

Game seed: 5321788934943486930, levelgen mode: deterministic

41 Destapler the Skirmisher (level 3, 0/29 HPs)
             Began as a Demonspawn Chaos Knight on Apr 5, 2020.
             Was a Plaything of Xom.
             Slain by a worm (2 damage)
             ... on level 2 of the Dungeon.
             The game lasted 00:02:46 (630 turns).

Destapler the Skirmisher (Demonspawn Chaos Knight)   Turns: 630, Time: 00:02:47

Health: 0/29       AC:  5    Str: 12    XL:     3   Next: 32%
Magic:  3/3        EV: 12    Int: 13    God:    Xom [..*...]
Gold:   32         SH:  0    Dex: 13    Spells: 2/2 levels left

rFire    . . .     SeeInvis .   a - +0 falchion (chaos)
rCold    . . .     Gourm    .   (no shield)
rNeg     . . .     Faith    .   b - +2 leather armour
rPois    .         Spirit   .   (no helmet)
rElec    .         Reflect  .   i - scarf {cloud immunity}
rCorr    .         Harm     .   (no gloves)
MR       .....                  (no boots)
Stlth    +.........             (no amulet)
HPRegen  0.09/turn              (no ring)
MPRegen  0.08/turn              (no ring)

@: lethally poisoned (0 -> -3), very slightly contaminated
A: demonic guardian 1, spiny 1
a: Renounce Religion


You were on level 2 of the Dungeon.
You worshipped Xom.
You were a toy of Xom.
You were not hungry.

You visited 1 branch of the dungeon, and saw 2 of its levels.

You collected 32 gold pieces.

Inventory:

Hand Weapons
 a - a +0 falchion of chaos (weapon)
 f - a +0 spear of pain
Armour
 b - a +2 leather armour (worn)
 i - a scarf of cloud immunity (worn)
Scrolls
 d - a scroll of blinking
 e - a scroll of fear {unknown}
 h - 2 scrolls of identify {unknown}
 j - a scroll of fog {unknown}
Comestibles
 c - 2 rations
 g - a chunk of flesh


   Skills:
 - Level 3.0 Fighting
 - Level 2.6 Long Blades
 - Level 1.7 Armour
 + Level 3.0 Dodging


You had 2 spell levels left.
You didn't know any spells.
Your spell library was empty.

Dungeon Overview and Level Annotations

Branches:
Dungeon (2/15)

Altars:

Annotations:
D:2 Jessica


Innate Abilities, Weirdness & Mutations

A weak demonic guardian rushes to your aid.
You are partially covered in sharp spines.


Message History

There is an escape hatch in the floor here.
You slide downwards.
The hatch slams shut behind you.
Level annotation: Jessica 2 goblins come into view.
The goblin shouts! x2; You hear a shout!
The goblin is struck by your spines. The goblin hits you but does no damage.
A goblin comes into view. It is wielding a +0 club.
The goblin hits you with a +0 dagger.
* * * LOW HITPOINT WARNING * * *
Found a ration.
The goblin shouts!
You slash the goblin!
You feel better.
You kill the goblin!
* * * LOW HITPOINT WARNING * * *
You feel sick.
You hear an angry hiss.
A giant cockroach comes into view.
The worm is struck by your spines. The worm bites you.
You die... "It's all fun and games until someone loses an eye."

...K...†<.
.......r5.
...##..5.. .
##.... ###..
##. . #
....###########
s.g...w@)....%.
.g.##########..


You could see a worm, a giant cockroach (wandering) and 2 goblins.

Vanquished Creatures
  An adder (D:1)
  3 giant cockroaches (D:1)
  6 goblins
  A hobgoblin (D:1)
  A jackal (D:2)
  2 bats (D:1)
  3 frilled lizards (D:1)
  3 kobolds (D:1)
  4 rats (D:1)
24 creatures vanquished.

Vanquished Creatures (collateral kills)
  An ooze (D:2)
  A hobgoblin (D:2)
  2 jackals (D:2)
  A bat (D:2)
5 creatures vanquished.

Grand Total: 29 creatures vanquished

Notes
Turn   | Place    | Note
-------+----------+-------------------------------------------
     0 | D:1      | Destapler the Demonspawn Chaos Knight began the quest for
                  | the Orb.
     0 | D:1      | Reached XP level 1. HP: 18/18 MP: 1/1
    39 | D:1      | Reached skill level 1 in Dodging
    90 | D:1      | XOM: harmless Erth miscast
   115 | D:1      | XOM: harmless Hex miscast
   197 | D:1      | Gained mutation: A weak demonic guardian rushes to your
                  | aid. [demonic ancestry]
   197 | D:1      | Reached XP level 2. HP: 24/24 MP: 2/2
   282 | D:1      | XOM: divination: detect creatures
   473 | D:1      | XOM: mild Tloc miscast
   581 | D:2      | Noticed Jessica
   585 | D:2      | Gained mutation: You are partially covered in sharp spines.
                  | [demonic ancestry]
   585 | D:2      | Reached XP level 3. HP: 18/29 MP: 3/3
   630 | D:2      | Slain by a worm

Levels and vault maps discovered:
D:1:      sevenhm_arrival_forest_fort_small_3, layout_basic
D:2:      layout_rooms, grunt_temple_overflow_forces_of_nature, first_ration,
          kennysheep_another_room, uniq_crazy_yiuf_cottage, uniq_natasha,
          uniq_jessica, uniq_sigmund

Skill      XL: |  1  2  3 |
---------------+----------+-----
Dodging        | 1 2 3 |  3.0
Fighting       | |  3.0
Long Blades    | |  2.6
Armour         | |  1.7

Action                   || total
-------------------------++-------
Melee: Falchion          ||    61
  Use: Scroll            ||     1
Armor: Leather armour    ||    37
Dodge: Dodged            ||    53
       Rpst.: Falchion   ||    17
